 Dungeon Crawl Stone Soup version 0.27-a0-1332-g84bddb5ca7 (webtiles) character file.

Game seed: 3283631498259620658

717 Demosthentine the Poker (level 7, -2/82 HPs)
             Began as a Merfolk Gladiator on June 25, 2021.
             Succumbed to Dowan's poison
             ... on level 4 of the Dungeon.
             The game lasted 00:03:54 (4809 turns).

Demosthentine the Poker (Merfolk Gladiator)         Turns: 4809, Time: 00:03:54

Health: -2/82      AC:  8    Str: 16    XL:     7   Next: 70%
Magic:  7/7        EV: 14    Int:  8    God:
Gold:   103        SH:  0    Dex: 15    Spells: 6/6 levels left

rFire    . . .     SeeInvis .   a - +1 trident
rCold    + . .     Faith    .   (no shield)
rNeg     . . .     Spirit   .   s - +1 leather armour {rC+}
rPois    .         Reflect  .   c - +0 helmet
rElec    .         Harm     .   (no cloak)
rCorr    .         Rampage  .   f - +1 pair of gloves
Will     .....                  m - +0 pair of boots
Stlth    ..........             (no amulet)
HPRegen  0.23/turn              (no ring)
MPRegen  0.10/turn              (no ring)

@: brilliant, berserking, lethally poisoned (-2 -> -26), very quick
A: (nimble swimmer 2), mertail
a: no special abilities


You were on level 4 of the Dungeon.
You visited 1 branch of the dungeon, and saw 5 of its levels.

You collected 103 gold pieces.

Inventory:

Hand Weapons
 a - a +1 trident (weapon)
Missiles
 d - 3 throwing nets (quivered)
Armour
 c - a +0 helmet (worn)
 f - a +1 pair of gloves (worn)
 m - a +0 pair of boots (worn)
 o - a +0 buckler
 s - a +1 leather armour of cold resistance (worn)
Wands
 n - a wand of polymorph (9)
 r - a wand of digging (7)
Scrolls
 b - 2 scrolls of magic mapping
 e - a scroll of fear
 g - 2 scrolls of blinking
 h - a scroll of enchant weapon
 q - a scroll of fog {unknown}
Potions
 k - a potion of attraction {unknown}
 p - a potion of lignification {unknown}


   Skills:
 + Level 4.7 Fighting
 + Level 7.1 Polearms
 - Level 2.0 Throwing
 + Level 2.7 Armour
 + Level 6.5 Dodging
 + Level 2.1 Shields


You had 6 spell levels left.
You didn't know any spells.
Your spell library was empty.

Dungeon Overview and Level Annotations

Branches:
Dungeon (5/15)
 Temple: D:4-7

Altars:
Uskayaw
Wu Jian

Annotations:
D:4 Dowan


Innate Abilities, Weirdness & Mutations

((You are quick and stealthy near water. (Stealth+, EV+, Speed+++)))
Your lower body shifts to a powerful aquatic tail in water.


Message History

You reach to attack!
You hit Dowan.
Dowan is moderately wounded.
Dowan gestures wildly while chanting.
Dowan blinks!
Reach: a) +1 trident
Press: ? - help, Dir - move target, f/p - Dowan
Aim: Dowan, wielding a +2 dagger of venom and wearing a +0 leather armour (moderately wounded, fast, about 46% to evade your +1 trident)
You reach to attack!
You closely miss Dowan.
Dowan is moderately wounded.
Unknown command.
You barely miss Dowan.
Dowan is lightly wounded.
Dowan completely misses you. Dowan hits you but does no damage.
You are poisoned.
You closely miss Dowan.
Dowan is lightly wounded.
You feel very sick. Dowan misses you.
You hit Dowan.
Dowan is heavily wounded.
You feel sick. Dowan hits you but does no damage.
You are lethally poisoned!
Dowan barely misses you.
You puncture Dowan!
Dowan is almost dead.
* * * LOW HITPOINT WARNING * * *
You feel very sick.
Dowan hits you with a +2 dagger of venom.
* * * LOW HITPOINT WARNING * * *
You are more poisoned.
It was a potion of brilliance.
You feel clever all of a sudden.
* * * LOW HITPOINT WARNING * * *
You feel extremely sick. Dowan casts a spell at you.
The shard of ice misses you.
It was a potion of berserk rage.
A red film seems to cover your vision as you go berserk!
You feel yourself moving faster!
You feel mighty!
You die...

....................## #.†......#
....................# #........#
....................# #........#
........).........).####........#
..........#..........##.........#
.......###...........##.........#
.....### #............#.........#
..#### #......<#..#...........#
### ##......@#..###.)......##
#.......#e.## #........##
#....####..# #.......... ######
##..# #####...... #..## #..####
#..# ##.. ##.##### #.. #......##
## #.......#


You could see Dowan (fast).

Vanquished Creatures
  Eustachio (D:4)
  Duvessa (D:4)
  A necrophage (D:3)
  A phantom (D:4)
  An orc priest (D:4)
  A hound (D:3)
  Jessica (D:3)
  Ijyb (D:3)
  An iguana (D:5)
  A hound skeleton (D:4)
  A howler monkey skeleton (D:4)
  8 adders
  A worm (D:4)
  2 dart slugs
  8 orcs
  6 endoplasms
  9 goblins
  3 hobgoblins
  14 jackals
  6 quokkas
  7 ball pythons
  2 bats (D:2)
  6 kobolds
  3 rats
86 creatures vanquished.

Notes
Turn   | Place    | Note
-------+----------+-------------------------------------------
     0 | D:1      | Demosthentine the Merfolk Gladiator began the quest for the
                  | Orb.
     0 | D:1      | Reached XP level 1. HP: 16/16 MP: 1/1
   505 | D:1      | Reached XP level 2. HP: 9/23 MP: 2/2
   868 | D:1      | Noticed an eye of devastation
   869 | D:1      | Found a faded altar of an unknown god.
   872 | D:1      | Noticed an eye of devastation
   872 | D:1      | Noticed a golden eye
   872 | D:1      | Noticed a great orb of eyes
  1244 | D:2      | Reached XP level 3. HP: 28/28 MP: 3/3
  1654 | D:2      | Reached skill level 5 in Polearms
  1665 | D:2      | Reached skill level 1 in Armour
  1673 | D:2      | Reached XP level 4. HP: 6/34 MP: 4/4
  2906 | D:3      | Reached skill level 5 in Dodging
  2960 | D:3      | Found a hide-covered altar of Uskayaw.
  3317 | D:3      | Reached XP level 5. HP: 38/41 MP: 5/5
  3387 | D:3      | Found an ornate altar of the Wu Jian Council.
  3471 | D:3      | Noticed a necrophage
  3481 | D:3      | Killed a necrophage
  3482 | D:3      | Reached skill level 6 in Polearms
  3553 | D:3      | Noticed Ijyb
  3581 | D:3      | Killed Ijyb
  3582 | D:3      | Reached XP level 6. HP: 48/48 MP: 6/6
  3646 | D:3      | Noticed Jessica
  3655 | D:3      | Killed Jessica
  3847 | D:3      | You fall into a shaft and drop 2 floors!
  3847 | D:5      | Entered Level 5 of the Dungeon
  3866 | D:4      | Noticed Duvessa
  3866 | D:4      | Noticed Dowan
  4295 | D:4      | Noticed Eustachio
  4334 | D:4      | Killed Eustachio
  4335 | D:4      | Reached skill level 1 in Shields
  4335 | D:4      | Reached XP level 7. HP: 17/55 MP: 7/7
  4800 | D:4      | Killed Duvessa
  4801 | D:4      | Reached skill level 7 in Polearms
  4808 | D:4      | HP: 2/55 [poisoned by Dowan]
  4809 | D:4      | Succumbed to Dowan's poison

Illustrated notes

Levels and vault maps discovered:
D:1:      tarquinn_simple_flora_water_c, layout_loops_ring,
          hellmonk_ecumenical_altar_watching_god
D:2:      minmay_skewed_foursquare, layout_loops_ring, st_stairs_6,
          minmay_between
D:3:      layout_basic, nicolae_overflow_hidden_temple,
          nicolae_overflow_crystal_walls, uniq_ijyb, uniq_jessica
D:4:      layout_cave_pods, uniq_eustachio, uniq_duvessa
D:5:      layout_loops_ring, kb_lookout_dungeons_type,
          nicolae_shop_overcharged_wands

Skill      XL: |  1  2  3  4  5  6  7 |
---------------+----------------------+-----
Polearms       | 5 6 7 |  7.1
Armour         | 1 2 |  2.7
Fighting       | 3 4 |  4.7
Dodging        | 5 6 |  6.5
Shields        | 1 2 |  2.1
Throwing       | |  2.0

Action                   |  1- 3 |  4- 6 |  7- 9 || total
-------------------------+-------+-------+-------++-------
Melee: Trident           |   116 |   201 |    58 ||   375
  Use: Scroll            |     5 |     2 |       ||     7
       Potion            |       |     1 |     3 ||     4
 Stab: Sleeping          |       |     3 |       ||     3
       Distracted        |       |     1 |       ||     1
Armor: Leather armour    |    31 |    67 |    12 ||   110
       Skin              |       |     3 |       ||     3
Dodge: Dodged            |    78 |   121 |    28 ||   227

Table legend: (Time is in decaauts)
 A = Elapsed time spent in this place.
 B = Non-inter-level travel time spent in this place.
 C = Inter-level travel time spent in this place.
 D = Time resting spent in this place.
 E = Time spent auto-exploring this place.
 F = Levels seen in this place.
 G = Mean time per level.
                   A        B        C        D        E       F      G
               +--------+--------+--------+--------+--------+-----+--------+
         Total |   4820 |   4770 |     50 |    356 |   3655 |   5 |  964.0 |
       Dungeon |   4820 |   4770 |     50 |    356 |   3655 |   5 |  964.0 |
               +--------+--------+--------+--------+--------+-----+--------+

Top non-repeatable levels by time:
     D:1: 1449 daAuts
     D:2: 1417 daAuts
     D:3: 1343 daAuts
     D:4: 586 daAuts
     D:5: 23 daAuts
